 Dungeon Crawl Stone Soup version 0.28-a0-1395-g4f6bc678fa (webtiles) character file.

Game seed: 3420306995714175462

72 gimp the Chucker (level 4, 0/32 HPs)
             Began as a Mummy Wanderer on Jan 4, 2022.
             Slain by a hobgoblin (7 damage)
             ... on level 3 of the Dungeon.
             The game lasted 00:04:10 (3059 turns).

gimp the Chucker (Mummy Wanderer)                   Turns: 3059, Time: 00:04:11

Health: 0/32       AC:  4    Str: 17    XL:     4   Next: 7%
Magic:  8/8        EV: 11    Int: 14    God:
Gold:   67         SH:  0    Dex:  8    Spells: 8/9 levels left

rFire   x . .      SeeInvis .   a - +3 dagger
rCold   + . .      Faith    .   (no shield)
rNeg    + + +      Spirit   .   c - +0 leather armour
rPois   ∞          Reflect  .   k - +0 helmet
rElec   .          Harm     .   (no cloak)
rCorr   +          Rampage  .   (no gloves)
Will    .....                   (no boots)
Stlth   +.........              (no amulet)
HPRegen 0.10/turn               f - ring of resist corrosion
MPRegen 0.11/turn               (no ring)

@: no status effects
A: cold resistance 1, negative energy resistance 3, torment resistance 2, heat
vulnerability 1, no potions
a: no special abilities


You were on level 3 of the Dungeon.
You visited 1 branch of the dungeon, and saw 3 of its levels.

You collected 117 gold pieces.
You spent 50 gold pieces at shops.

Inventory:

Hand Weapons
 a - a +3 dagger (weapon)
Missiles
 b - 4 curare-tipped darts (quivered)
Armour
 c - a +0 leather armour (worn)
 k - a +0 helmet (worn)
Magical Staves
 h - a staff of air
Jewellery
 f - a ring of resist corrosion (left hand)
Scrolls
 d - 2 scrolls of fog {unknown}
 e - a scroll of enchant weapon
 g - 2 scrolls of identify
 i - a scroll of acquirement {unknown}
 j - 2 scrolls of amnesia {unknown}
 l - 2 scrolls of fear {unknown}
 m - a scroll of summoning {unknown}
 n - 3 scrolls of teleportation
 o - a scroll of enchant armour {unknown}
 p - a scroll of noise {unknown}
 q - a scroll of magic mapping {unknown}


   Skills:
 + Level 1.5 Fighting
 - Level 4.1 Throwing
 - Level 1.0 Dodging
 - Level 1.0 Stealth
 * Level 3.0 Spellcasting
 * Level 1.3 Conjurations
 * Level 1.9 Fire Magic


You had 8 spell levels left.
You knew the following spells:

 Your Spells              Type           Power      Damage    Failure   Level
a - Foxfire               Conj/Fire      24%        2x1d5     14%         1

Your spell library contained the following spells:

 Spells                   Type           Power      Damage    Failure   Level
 Ignite Poison            Fire/Tmut/Pois 3%         N/A       52%         3


Dungeon Overview and Level Annotations

Branches:
Dungeon (3/15)

Altars:
Nemelex Xobeh

Shops:
D:1 ?

Annotations:
D:3 3 runed translucent doors, browni3141's ghost, amateur MfGl


Innate Abilities, Weirdness & Mutations

You are immune to poison.
Your flesh is cold resistant. (rC+)
You are immune to negative energy. (rN+++)
You are immune to unholy pain and torment.
You are vulnerable to heat. (rF-)
You do not drink.


Message History

The hobgoblin is severely wounded.
The hobgoblin misses you. The hobgoblin closely misses you.
The hobgoblin hits you with a +0 club.
You take 6 damage, and have 18/32 hp.
The goblin shoots a stone.
The stone closely misses you.
The goblin shoots a stone.
The stone hits you but does no damage.
There is a stone staircase leading down here.
Things that are here:
a +0 hunting sling; a +0 hunting sling; 36 stones You closely miss the hobgoblin.
The hobgoblin is severely wounded.
The hobgoblin hits you with a +0 club.
You take 4 damage, and have 16/32 hp.
You are too injured to fight recklessly!
You are too injured to fight recklessly!
You closely miss the hobgoblin.
The hobgoblin is severely wounded.
The hobgoblin misses you.
You barely miss the hobgoblin.
The hobgoblin is severely wounded.
The hobgoblin hits you but does no damage.
You hit the hobgoblin.
You kill the hobgoblin!
You closely miss the hobgoblin. The hobgoblin barely misses you.
You hit the hobgoblin but do no damage. The hobgoblin barely misses you.
You barely miss the hobgoblin. The hobgoblin barely misses you.
You closely miss the hobgoblin. The hobgoblin closely misses you.
You closely miss the hobgoblin. The hobgoblin hits you with a +0 club.
You take 6 damage, and have 11/32 hp.
You hit the hobgoblin.
The hobgoblin is lightly wounded.
The hobgoblin hits you with a +0 club.
* * * LOW HITPOINT WARNING * * *
You take 4 damage, and have 7/32 hp.
You hit the hobgoblin.
The hobgoblin is moderately wounded.
The hobgoblin barely misses you.
Items here: ! )) [[.
The hobgoblin hits you with a +0 club!
You die...

≈≈≈≈≈≈≈≈....≈≈≈≈≈≈≈≈≈≈≈≈≈≈≈≈≈≈≈≈≈
≈≈≈≈≈≈≈.....≈≈≈≈≈≈≈≈≈≈≈≈≈≈≈≈≈≈≈≈≈
≈≈≈≈.≈≈≈....g≈(≈≈.≈.≈≈..≈≈.≈...≈≈
.........................(.......
.................................
.......#####.####.##.#)######.#..
.......#####.## #......# #...#
.>.........>..######.#########..#
........##.#....@ggg.# #.......##
........##g#...#####.###..####.#.
........#.#....# #.........##.#.
.######..###..## ###g###..#......
.# #.#.#.#.# #.....#..####.#. .#
#....g..# #.###.#.......#. .#
###...### #)# #.........#. .#
#..g# #.###.##.####### .## #...#
#g....##.#......


You could see 3 hobgoblins.

Vanquished Creatures
  2 adders (D:3)
  An adder skeleton (D:2)
  A worm (D:3)
  A dart slug (D:1)
  3 orcs (D:3)
  A bat skeleton (D:2)
  A bat zombie (D:2)
  3 endoplasms
  2 giant cockroaches (D:1)
  4 goblins (D:3)
  2 hobgoblins
  6 ball pythons
  3 bats (D:2)
  5 frilled lizards
  5 kobolds
  6 rats
46 creatures vanquished.

Notes
Turn   | Place    | Note
-------+----------+-------------------------------------------
     0 | D:1      | gimp the Mummy Wanderer began the quest for the Orb.
     0 | D:1      | gimp set off with the following items: a +3 dagger, 4
                  | curare-tipped darts, a +0 leather armour; and the following
                  | spell memorised: Foxfire; and the following spells
                  | available to memorise: Ignite Poison
     0 | D:1      | Reached XP level 1. HP: 15/15 MP: 2/2
   226 | D:1      | Found Cuenu's Magic Scroll Shoppe.
   243 | D:1      | Bought a scroll of identify for 20 gold pieces
   501 | D:1      | Reached XP level 2. HP: 11/21 MP: 4/4
   692 | D:1      | Found a faded altar of an unknown god.
  1214 | D:1      | Bought a scroll of teleportation for 30 gold pieces
  1448 | D:2      | Found a sparkling altar of Nemelex Xobeh.
  1661 | D:2      | Reached XP level 3. HP: 26/26 MP: 6/6
  1673 | D:2      | Reached skill level 1 in Conjurations
  2755 | D:3      | Found a runed translucent gate.
  2755 | D:3      | Found a runed translucent gate.
  2755 | D:3      | Found a runed translucent gate.
  2786 | D:3      | Noticed browni3141's ghost (amateur MfGl)
  2823 | D:3      | Reached XP level 4. HP: 26/32 MP: 8/8
  3059 | D:3      | Slain by a hobgoblin

Illustrated notes

Levels and vault maps discovered:
D:1:      psy_arrival_radial02, layout_basic, serial_shops, shop,
          hellmonk_ecumenical_altar_inner_sanctum, nrook_mini_backslash
D:2:      layout_loops_ring, serial_undead, serial_undead_d, serial_undead_f,
          serial_undead_d, serial_undead_a, basic_altar, serial_park_tiny_2
D:3:      minmay_goblin_kobold_castle, layout_loops_cross, gammafunk_ghost_icy

Skill      XL: |  1  2  3  4 |
---------------+-------------+-----
Spellcasting   | 2 3 |  3.0
Conjurations   | 1 |  1.3
Fighting       | |  1.5
Throwing       | |  4.1
Dodging        | |  1.0
Stealth        | |  1.0
Fire Magic     | |  1.9

Action                   |  1- 3 |  4- 6 || total
-------------------------+-------+-------++-------
Melee: Dagger            |   151 |    19 ||   170
  Use: Scroll            |     1 |       ||     1
 Stab: Sleeping          |     2 |       ||     2
Armor: Leather armour    |    67 |     2 ||    69
Dodge: Dodged            |    97 |    11 ||   108

Table legend: (Time is in decaauts)
 A = Elapsed time spent in this place.
 B = Non-inter-level travel time spent in this place.
 C = Inter-level travel time spent in this place.
 D = Time resting spent in this place.
 E = Time spent auto-exploring this place.
 F = Levels seen in this place.
 G = Mean time per level.
                   A        B        C        D        E       F      G
               +--------+--------+--------+--------+--------+-----+--------+
         Total |   3070 |   2898 |    172 |     12 |   2437 |   3 | 1023.3 |
       Dungeon |   3070 |   2898 |    172 |     12 |   2437 |   3 | 1023.3 |
               +--------+--------+--------+--------+--------+-----+--------+

Top non-repeatable levels by time:
     D:3: 1135 daAuts
     D:1: 1080 daAuts
     D:2: 854 daAuts
